Map: Acid Plant LE

Players

Scarlett

  • Race: Zerg Zerg
  • Spawn Location: 5:00

TIME (Oliveira) - Winner!

  • Race: Terran Terran
  • Spawn Location: 11:00

Event: IEM Season 12 - PyeongChang

VOD

Have the link to the VOD?

Description

Time

  • Played on: Feb. 5, 2018, 12:29 a.m.
  • Length: 9:25

All games in this series

Show
View Real Time Build Order
Export as new Build Order

Scarlett Zerg 

Build Orders: Hatch First 

Get SALT Encoding   

  12  0:00  Drone  
  13  0:12  Overlord  
  13  0:17  Drone  
  14  0:30  Drone x2  
  14  0:34  Drone  
  17  0:50  Hatchery  
  17  0:54  Drone  
  17  0:57  Drone  
  17  1:02  Extractor  
  17  1:12  Spawning Pool  
  17  1:15  Drone  
  17  1:19  Drone  
  18  1:28  Drone  
  19  1:39  Drone  
  20  1:49  Overlord  
  20  1:59  Queen  
  22  2:02  Queen  
  22  2:03  Metabolic Boost  
  22  2:05  Zergling x2  
  22  2:06  Zergling x2  
  26  2:14  Drone x2  
  28  2:30  Hatchery  
  28  2:32  Drone  
  28  2:35  Drone  
  29  2:38  Drone  
  29  2:42  Drone  
  29  2:43  Drone  
  32  2:50  Evolution Chamber  
  31  2:52  Overlord  
  31  2:56  Zergling x2  
  31  2:58  Zergling x2  
  33  3:07  Zergling x6  
  33  3:11  Zergling x2  
  33  3:12  Zergling x4  
  39  3:19  Queen  
  41  3:23  Zerg Melee Weapons Level 1  
  41  3:34  Drone x3  
  41  3:36  Overlord  
  44  3:42  Drone x4  
  48  3:53  Drone x2  
  48  3:54  Overlord  
  48  4:09  Overlord  
  44  4:10  Overlord  
  42  4:18  Drone x10  
  42  4:22  Queen  
  54  4:26  Overlord  
  54  4:30  Zergling x6  
  57  4:33  Zergling x2  
  57  4:36  Queen  
  60  4:40  Zergling x4  
  60  4:45  Zergling x4  
  58  4:54  Drone x5  
  58  4:58  Drone x3  
  59  5:03  Drone x2  
  61  5:08  Drone  
  61  5:11  Spore Crawler  
  61  5:13  Drone  
  62  5:14  Drone  
  62  5:17  Zerg Ground Armor Level 1, Spore Crawler  
  62  5:19  Drone  
  63  5:24  Drone x2  
  65  5:32  Overlord x2, Drone  
  65  5:41  Overlord  
  65  5:42  Lair, Drone  
  65  5:46  Baneling Nest  
  65  5:48  Overlord  
  63  5:50  Drone x2  
  63  5:51  Drone x5  
  70  5:58  Drone  
  70  5:59  Drone x4  
  75  6:11  Drone x4  
  74  6:13  Extractor, Drone x2  
  74  6:14  Extractor  
  74  6:15  Extractor  
  74  6:16  Drone x4  
  80  6:21  Hatchery  
  80  6:25  Evolution Chamber, Drone x3  
  81  6:31  Zergling x2  
  81  6:32  Zergling x6  
  85  6:33  Extractor  
  85  6:35  Drone x3  
  85  6:38  Drone  
  88  6:42  Extractor  
  88  6:46  Centrifical Hooks, Drone x2  
  89  6:52  Hatchery, Zerg Melee Weapons Level 2  
  89  6:53  Zergling x4  
  90  7:00  Drone x2  
  92  7:02  Zergling x10  
  97  7:10  Overlord x4  
  94  7:35  Drone x3  
  94  7:36  Queen  
  97  7:42  Overlord x5  
  99  7:48  Drone  
  99  7:49  Drone x9  
  108  7:57  Overlord x2  
  108  7:59  Zergling x2  
  108  8:02  Baneling  
  108  8:03  Baneling x9  
  109  8:06  Zergling x2  
  109  8:07  Zergling x22  
  109  8:09  Zergling x2  
  109  8:10  Zergling x2, Spire  
  122  8:15  Infestation Pit  
  122  8:16  Zergling x4  
  122  8:17  Zergling x4  
  125  8:26  Zergling x6  
  125  8:27  Zergling x2  
  129  8:28  Baneling  
  129  8:29  Baneling x9  
  124  8:39  Zergling x18  
  118  8:41  Zergling x10  
  110  8:49  Zergling x2  
  110  8:50  Zergling x6  
  112  8:55  Zergling x6  
  112  8:56  Zergling x2  
  112  8:59  Zergling x2  
  112  9:02  Zergling x6  
  118  9:04  Zergling x4  
  118  9:07  Zergling x4  
Show
View Real Time Build Order
Export as new Build Order

TIME Terran - Winner!

Build Orders: Liberator Opening, Reaper Expand, MMM Bio 

Get SALT Encoding   

  12  0:00  SCV  
  13  0:12  SCV  
  14  0:17  Supply Depot  
  14  0:24  SCV  
  15  0:39  SCV  
  15  0:40  Barracks  
  16  0:43  Refinery  
  16  0:51  SCV  
  17  1:03  SCV  
  18  1:15  SCV  
  19  1:27  Reaper  
  19  1:28  Orbital Command  
  20  1:40  Command Center  
  20  1:48  Supply Depot  
  20  1:53  SCV  
  21  1:59  Marine  
  22  2:05  SCV  
  22  2:07  Factory  
  23  2:10  Refinery  
  23  2:17  SCV  
  23  2:20  Barracks Reactor  
  25  2:30  SCV  
  25  2:42  SCV  
  26  2:52  Starport  
  26  2:53  Orbital Command  
  26  2:54  SCV  
  27  3:00  Hellion x2  
  27  3:03  Barracks Tech Lab  
  31  3:06  SCV  
  32  3:18  SCV x2  
  34  3:21  Hellion x2  
  34  3:24  Stimpack  
  38  3:28  Viking  
  38  3:30  SCV  
  38  3:31  SCV  
  42  3:34  Supply Depot  
  42  3:43  SCV x2  
  42  3:46  Hellion  
  46  3:52  Liberator  
  46  3:56  Hellion, SCV  
  46  3:59  SCV  
  48  4:08  Hellion, SCV  
  53  4:13  SCV  
  53  4:27  Supply Depot x2  
  53  4:37  Command Center  
  53  4:49  SCV x2  
  53  4:50  Factory Reactor  
  44  5:00  Marine  
  44  5:01  SCV x2, Supply Depot  
  44  5:06  Barracks x2  
  45  5:13  SCV x2, Starport Reactor  
  47  5:17  Engineering Bay  
  47  5:18  Marine, Engineering Bay  
  48  5:24  Refinery x2  
  48  5:25  SCV x2  
  49  5:36  Marine  
  49  5:37  SCV x2  
  49  5:38  Combat Shields  
  49  5:39  Factory Tech Lab  
  52  5:47  Terran Infantry Weapons Level 1  
  52  5:48  Terran Infantry Armor Level 1  
  52  5:49  SCV, Orbital Command  
  53  5:54  Marine x3  
  53  5:56  SCV  
  57  6:00  Marine x2, Siege Tank  
  57  6:02  Medivac x2  
  67  6:04  SCV  
  67  6:11  SCV  
  67  6:12  Marine x3  
  67  6:15  Orbital Command  
  67  6:16  Supply Depot  
  67  6:17  Marine  
  67  6:18  Marine  
  72  6:19  SCV  
  74  6:29  Marine  
  74  6:30  Marine x2, SCV  
  74  6:32  SCV  
  79  6:33  Armory  
  79  6:35  Marine  
  79  6:36  Marine, Supply Depot, Medivac x2  
  85  6:41  SCV  
  85  6:42  Siege Tank  
  89  6:47  Marine  
  89  6:48  Marine  
  89  6:49  Marine  
  89  6:52  SCV  
  93  6:57  Marine x2  
  93  6:58  SCV x2  
  93  6:59  Supply Depot  
  97  7:04  SCV  
  97  7:05  Marine, Supply Depot  
  97  7:07  Marine  
  97  7:08  Barracks  
  100  7:10  SCV  
  100  7:11  Barracks  
  101  7:20  Marine, Siege Tank, SCV  
  106  7:26  Marine  
  106  7:27  Marine x2  
  106  7:28  SCV  
  105  7:30  SCV, Medivac x2  
  105  7:34  Supply Depot  
  105  7:35  Marine, Supply Depot  
  111  7:38  Marine, SCV  
  111  7:40  SCV  
  114  7:47  Marine  
  114  7:51  Marine  
  114  7:52  Siege Tank  
  114  7:55  Marine x2, SCV  
  114  7:56  Marine, SCV  
  122  7:59  SCV  
  122  8:05  Barracks Reactor x2, Supply Depot  
  123  8:07  SCV  
  123  8:08  Marine, SCV  
  123  8:10  Marine  
  123  8:11  SCV, Supply Depot  
  123  8:12  Supply Depot  
  128  8:13  Marine  
  128  8:15  Marine  
  130  8:22  Marine, Barracks, SCV  
  130  8:23  Barracks  
  130  8:24  Barracks  
  130  8:26  Marine  
  133  8:28  Marine  
  133  8:31  Marine  
  127  8:37  Marine  
  127  8:38  Siege Tank  
  127  8:39  Medivac x2  
  127  8:40  Marine  
  123  8:44  Marine  
  123  8:48  Marine  
  121  8:50  Marine x5  
  121  8:54  Marine  
  127  8:56  Command Center  
  127  8:57  Marine  
  127  9:02  Marine  
  129  9:06  Marine  
  132  9:11  Barracks Tech Lab  
  132  9:12  Barracks Tech Lab  

Tags
 
Add a new tag
Caveats
  • Supply blocks, unpowered buildings, or Contaminate may cause inaccurate times.
  • Supply counts are checked every 10 seconds.